 Dungeon Crawl Stone Soup version 0.23-a0-558-g30802b1 (webtiles) character file.

24 Amnesiac the Ducker (level 2, -21/16 HPs)
             Began as a Spriggan Berserker on Dec 11, 2018.
             Demolished by a polar bear (26 damage)
             ... created by the rage of Trog
             ... on level 2 of the Dungeon.
             The game lasted 00:01:12 (285 turns).

Amnesiac the Ducker (Spriggan Berserker)             Turns: 285, Time: 00:01:13

Health: -21/16     AC:  2    Str: 13    XL:     2   Next: 79%
Magic:  3/3        EV: 19    Int:  8    God:
Gold:   47         SH:  0    Dex: 15    Spells: 1/1 levels left

rFire    . . .     SeeInvis +   a - +4 short sword
rCold    . . .     Gourm    .   (shield restricted)
rNeg     . . .     Faith    .   b - +0 animal skin
rPois    .         Spirit   .   (helmet restricted)
rElec    .         Reflect  .   (no cloak)
rCorr    .         Harm     .   (gloves unavailable)
MR       .....                  (boots unavailable)
Stlth    +.........             (no amulet)
HPRegen  0.05/turn              (no ring)
MPRegen  0.08/turn              (no ring)

@: confused, very quick
A: very small, unfitting armour, see invisible, herbivore, speed 3, slow
metabolism 2
a: no special abilities


You were on level 2 of the Dungeon.
You were not hungry.

You visited 1 branch of the dungeon, and saw 2 of its levels.

You collected 47 gold pieces.

Inventory:

Hand Weapons
 a - a +4 short sword (weapon)
Armour
 b - a +0 animal skin (worn)
Scrolls
 d - 2 scrolls of remove curse {!r, unknown}
 f - 2 scrolls of magic mapping {!r, unknown}
 h - a scroll of enchant weapon {!r, unknown}
 i - a scroll of blinking {!r, unknown}
 j - a scroll of teleportation {!r, unknown}
Potions
 e - a potion of might {!q, unknown}
 g - a potion of haste {!q, unknown}
Comestibles
 c - 2 rations


   Skills:
 + Level 2.5 Fighting
 * Level 3.5 Short Blades
 + Level 4.5 Dodging
 + Level 3.4 Stealth


You had one spell level left.
You didn't know any spells.
Your spell library was empty.

Dungeon Overview and Level Annotations

Branches:
Dungeon (2/15)

Altars:


Innate Abilities, Weirdness & Mutations

You are very small and have problems with some larger weapons.
You are too small for most types of armour.
You have supernaturally acute eyesight. (SInv)
You are a herbivore.
You cover ground extremely quickly.
You need to consume almost no food.


Message History

You see here a scroll labeled KYITAX ZOSS {!r}.
j - a scroll labeled KYITAX ZOSS {!r} The goblin shouts!
Found an escape hatch in the floor.
A bat and a rat come into view.
Found a whip and a shield.
Found 18 sling bullets and a scroll labeled PIZAER MIVUUL.
There is an escape hatch in the floor here.
The bat completely misses you.
You slide downwards.
The hatch slams shut behind you.
A kobold comes into view.
The kobold shouts!
You barely miss the bat. The bat barely misses you.
You closely miss the bat. The bat hits you but does no damage.
The bat hits you.
You closely miss the bat. The bat misses you.
You hit the bat but do no damage. The bat hits you but does no damage.
You closely miss the bat. The bat closely misses you.
You puncture the kobold!
You kill the kobold!
The bat misses you.
You hit the bat.
You kill the bat!
Training target 3.2 for Stealth reached!
You need to enable at least one skill for training.
You open the door.
Found 18 arrows.
There is an open door here.
As you open the door, it creaks loudly!
There is an open door here.
You open the door.
There is an open door here.
You open the door.
Found 11 arrows.
There is an open door here.
An adder and a dart slug come into view.
There are monsters nearby!
The helpless adder fails to defend itself.
You puncture the adder!
You kill the adder!
You hit the dart slug.
The dart slug is heavily wounded.
You hit the dart slug but do no damage.
The dart slug is heavily wounded.
The dart slug bites you but does no damage.
You hit the dart slug.
You kill the dart slug!
Trog sends monsters to punish you. The divine experience confuses you!
You are confused. 2 polar bears and a black bear come into view.
You bump into the rock wall.
The polar bear rages.
You hear an angry hiss.
You bump into the rock wall.
The polar bear bites you. The polar bear claws you.
The polar bear closely misses you. The polar bear misses you.
The polar bear closely misses you. The polar bear claws you.
* * * LOW HITPOINT WARNING * * *
You bump into the rock wall.
The polar bear misses you. The polar bear claws you.
* * * LOW HITPOINT WARNING * * *
The polar bear closely misses you. The polar bear bites you!!
Ouch! That really hurt!
You die...

#..# #..# #..# .#
####..##.# # . #..
...#.#.#
..#####.###..#.#.# #
.................#.#
.........h..........
........hh@#.....#.
.........#†#.#.#.#
###......#.#...#.#
+........#...#.#
#........#.(...#
#........#.....#######
..#.#.....#.#..........
#.#.#..##.#.#..'########+
#.#..#........#


You could see 2 polar bears and a black bear (berserk).

Vanquished Creatures
  An adder (D:2)
  A dart slug (D:2)
  A bat (D:2)
  2 goblins (D:1)
  A hobgoblin (D:1)
  2 jackals (D:1)
  A frilled lizard (D:1)
  2 kobolds
  2 rats (D:1)
13 creatures vanquished.

Notes
Turn   | Place    | Note
-------+----------+-------------------------------------------
     0 | D:1      | Amnesiac the Spriggan Berserker began the quest for the
                  | Orb.
     0 | D:1      | Reached XP level 1. HP: 11/11 MP: 2/2
     0 | D:1      | Fell from the grace of Trog
    20 | D:1      | Reached skill level 1 in Stealth
   184 | D:1      | Reached XP level 2. HP: 14/16 MP: 3/3
   279 | D:2      | Noticed a polar bear
   279 | D:2      | Noticed a polar bear
   279 | D:2      | Noticed a black bear
   285 | D:2      | Demolished by a polar bear

Vault maps used:
D:1:      dpeg_arrival_short_road, minmay_split_cup_small
D:2:      kennysheep_the_goblin_king, minivault_11, elyvilon_altar_5

Skill      XL: |  1  2 |
---------------+-------+-----
Stealth        | 2 3 |  3.4
Fighting       | |  2.5
Short Blades   | |  3.5
Dodging        | |  4.5

Action                   || total
-------------------------++-------
Melee: Short sword       ||    53
Invok: Renounce Religion ||     1
 Stab: Sleeping          ||     1
Armor: Animal skin       ||     6
Dodge: Dodged            ||    41

Table legend:
 A = Non-vault XP
 B = Vault XP
 C = Vault XP percentage of total XP
 D = Non-vault monster count
 E = Vault monster count
 F = Vault count percentage of total count
                 A         B        C        D         E       F
            +---------+---------+-------+---------+---------+-------
      Total |      30 |       5 |  14.3 |      10 |       3 |  23.1
            +---------+---------+-------+---------+---------+-------
        D:1 |       9 |       5 |  35.7 |       6 |       3 |  33.3
        D:2 |      21 |       0 |   0.0 |       4 |       0 |   0.0
            +---------+---------+-------+---------+---------+-------
